IL
ALBUQUERQUE ISOTOPES @ MEMPHIS REDBIRDS
04/01/2048
 
TOP OF THE 1ST
Albuquerque Isotopes batting - Pitching for Memphis Redbirds : LHP John Fisher
Pitching: LHP John Fisher
Batting: SHB Jamel Wright 0-0: Swinging Strike
0-1: Ball
1-1: Called Strike
1-2: Ball
2-2: Foul Ball, location: 2F
2-2: Foul Ball, location: 2F
2-2: Strikes out looking
Batting: LHB Pablo Cardona 0-0: Called Strike
0-1: Ball
1-1: Ball
2-1: Foul Ball, location: 2F
2-2: Strikes out looking
Batting: RHB Chris King 0-0: Swinging Strike
0-1: DOUBLE (Line Drive, 9LM, EV 104.4 MPH)
Batting: LHB Adam Hill 0-0: Ball
1-0: Swinging Strike
1-1: Called Strike
1-2: Strikes out looking
Top of the 1st over - 0 runs, 1 hit, 0 errors, 1 left on base; Albuquerque 0 - Memphis 0
BOTTOM OF THE 1ST
Memphis Redbirds batting - Pitching for Albuquerque Isotopes : RHP Mark Hincks
Pitching: RHP Mark Hincks
Batting: RHB Joe Smack 0-0: Ball
1-0: DOUBLE (Groundball, 5L, EV 104.4 MPH)
Batting: SHB Dan Lash 0-0: Ball
1-0: Called Strike
1-1: Foul Ball, location: 2F
1-2: Foul Ball, location: 2F
1-2: Strikes out swinging
Batting: RHB Jeff Brower 0-0: Called Strike
Joe Smack steals 3rd base
0-1: Swinging Strike
0-2: Ball
1-2: Strikes out looking
Batting: LHB Kyle Schaible 0-0: Called Strike
0-1: Swinging Strike
0-2: Ball
1-2: Foul Ball, location: 2F
1-2: Ball
2-2: 2-RUN HOME RUN (Flyball, 9D, EV 95.6 MPH), Distance : 354 ft
Batting: RHB Danny Gallo 0-0: Foul Ball, location: 2F
0-1: Ball
1-1: Foul Ball, location: 2F
1-2: Ground out 6-3 (Groundball, 6, EV 101.9 MPH)
Bottom of the 1st over - 2 runs, 2 hits, 0 errors, 0 left on base; Albuquerque 0 - Memphis 2
TOP OF THE 2ND
Albuquerque Isotopes batting - Pitching for Memphis Redbirds : LHP John Fisher
Batting: RHB Sadataka Kuwahara 0-0: Called Strike
0-1: Ball
1-1: Foul Ball, location: 2F
1-2: Ball
2-2: Strikes out looking
Batting: LHB Alfredo de la Cruz 0-0: Foul Ball, location: 2F
0-1: Foul Ball, location: 2F
0-2: Ball
1-2: Ground out 6-3 (Groundball, 4M, EV 105.6 MPH)
Batting: RHB Mike Ball 0-0: Ball
1-0: Called Strike
1-1: Foul Ball, location: 2F
1-2: Ball
2-2: Strikes out swinging
Top of the 2nd over - 0 runs, 0 hits, 0 errors, 0 left on base; Albuquerque 0 - Memphis 2
BOTTOM OF THE 2ND
Memphis Redbirds batting - Pitching for Albuquerque Isotopes : RHP Mark Hincks
Batting: LHB Ronnie Ashley 0-0: Called Strike
0-1: Ball
1-1: Foul Ball, location: 2F
1-2: Ball
2-2: SOLO HOME RUN (Flyball, 7D, EV 99.4 MPH), Distance : 360 ft
Batting: RHB Josh Martin 0-0: Ball
1-0: Called Strike
1-1: Ball
2-1: Foul Ball, location: 2F
2-2: Ball
3-2: Foul Ball, location: 2F
3-2: Base on Balls
Batting: LHB Adam Eisen 0-0: Ball
1-0: Ball
2-0: Ball
3-0: Called Strike
3-1: Foul Ball, location: 2F
3-2: Base on Balls
Josh Martin to second
Batting: RHB Dave Cluster 0-0: Ball
1-0: Ball
2-0: Called Strike
2-1: Called Strike
2-2: Foul Ball, location: 2F
2-2: Strikes out swinging
Batting: RHB Joe Smack 0-0: Ball
1-0: Ball
2-0: Ball
3-0: Called Strike
3-1: Base on Balls
Josh Martin to third
Adam Eisen to second
Batting: SHB Dan Lash 0-0: Ball
1-0: Called Strike
1-1: Ball
2-1: SINGLE (Line Drive, 5D, EV 103.1 MPH)
Josh Martin scores
Adam Eisen to third
Joe Smack to second
Batting: RHB Jeff Brower 0-0: Called Strike
0-1: Foul Ball, location: 2F
0-2: SINGLE (Flyball, 8RS, EV 97.5 MPH)
Adam Eisen scores
Joe Smack to third
Dan Lash to second
Throwing error, E8
Joe Smack scores
Dan Lash to third
Jeff Brower to second
Pitching: RHP Jose Lopez
Batting: LHB Kyle Schaible 0-0: Ball
1-0: Ball
2-0: Ball
3-0: Called Strike
3-1: Foul Ball, location: 2F
3-2: Fly out, F8 (Flyball, 8LXD, EV 105.0 MPH)
Runner from 3rd tags up, SCORES, no throw by CF
Batting: RHB Danny Gallo 0-0: Called Strike
0-1: Called Strike
0-2: Ball
1-2: Ball
2-2: Ball
3-2: Base on Balls
Batting: LHB Ronnie Ashley 0-0: Swinging Strike
0-1: Ball
1-1: Called Strike
1-2: Ball
2-2: Ball
3-2: Foul Ball, location: 2F
3-2: Foul Ball, location: 2F
3-2: DOUBLE (Line Drive, 9LS, EV 91.9 MPH)
Jeff Brower scores
Danny Gallo to third
Danny Gallo scores
Batting: RHB Josh Martin 0-0: Swinging Strike
0-1: Ball
1-1: Foul Ball, location: 2F
1-2: Ground out 5-3 (Groundball, 5S, EV 83.8 MPH)
Bottom of the 2nd over - 7 runs, 4 hits, 1 error, 1 left on base; Albuquerque 0 - Memphis 9
TOP OF THE 3RD
Albuquerque Isotopes batting - Pitching for Memphis Redbirds : LHP John Fisher
Batting: LHB Gabe Harvey 0-0: Ball
1-0: Swinging Strike
1-1: Foul Ball, location: 2F
1-2: Foul Ball, location: 2F
1-2: Strikes out swinging
Batting: SHB Mitchell Greene 0-0: Foul Ball, location: 2F
0-1: Called Strike
0-2: Strikes out swinging
Batting: SHB Jamel Wright 0-0: Ball
1-0: Ball
2-0: Foul Ball, location: 2F
2-1: Foul Ball, location: 2F
2-2: SINGLE (Line Drive, 34, EV 104.4 MPH)
Batting: LHB Pablo Cardona 0-0: Called Strike
Jamel Wright steals 2nd base (no throw)
0-1: Swinging Strike
0-2: Strikes out swinging
Top of the 3rd over - 0 runs, 1 hit, 0 errors, 1 left on base; Albuquerque 0 - Memphis 9
BOTTOM OF THE 3RD
Memphis Redbirds batting - Pitching for Albuquerque Isotopes : RHP Jose Lopez
Batting: LHB Adam Eisen 0-0: Fly out, F9 (Flyball, 9D, EV 86.9 MPH)
Batting: RHB Dave Cluster 0-0: Swinging Strike
0-1: Called Strike
0-2: Strikes out looking
Batting: RHB Joe Smack 0-0: Ball
1-0: Swinging Strike
1-1: Ball
2-1: Ball
3-1: SINGLE (Flyball, 7S, EV 87.5 MPH)
Batting: SHB Dan Lash 0-0: Ball
1-0: Foul Ball, location: 2F
1-1: Ball
2-1: Called Strike
2-2: Ball
3-2: Foul Ball, location: 2F
3-2: Foul Ball, location: 2F
3-2: Base on Balls
Joe Smack to second
Batting: RHB Jeff Brower 0-0: Ball
1-0: Foul Ball, location: 2F
1-1: Foul Ball, location: 2F
1-2: Foul Ball, location: 2F
1-2: Foul Ball, location: 2F
1-2: Fly out, F8 (Flyball, 89M, EV 81.2 MPH)
Bottom of the 3rd over - 0 runs, 1 hit, 0 errors, 2 left on base; Albuquerque 0 - Memphis 9
TOP OF THE 4TH
Albuquerque Isotopes batting - Pitching for Memphis Redbirds : LHP John Fisher
Batting: RHB Chris King 0-0: Foul Ball, location: 2F
0-1: Ball
1-1: Ball
2-1: Ball
3-1: Base on Balls
Batting: LHB Adam Hill 0-0: Ball
1-0: TRIPLE (Line Drive, 8LXD, EV 106.9 MPH)
Chris King scores
Batting: RHB Sadataka Kuwahara 0-0: Called Strike
0-1: Foul Ball, location: 2F
0-2: Ball
1-2: Ground out 4-3 (Groundball, 4, EV 103.1 MPH)
Adam Hill scores
Batting: LHB Alfredo de la Cruz 0-0: Foul Ball, location: 2F
0-1: Called Strike
0-2: Ball
1-2: Strikes out swinging
Batting: RHB Mike Ball 0-0: Called Strike
0-1: Foul Ball, location: 2F
0-2: Ball
1-2: Ball
2-2: Foul Ball, location: 2F
2-2: Ball
3-2: Base on Balls
Batting: LHB Gabe Harvey 0-0: Ball
1-0: Ball
2-0: Ball
3-0: Called Strike
3-1: DOUBLE (Line Drive, 7LM, EV 102.5 MPH)
Mike Ball to third
Runner from 3rd tries for Home, SAFE, throw by LF to home
Batting: SHB Mitchell Greene 0-0: Called Strike
0-1: Fly out, F8 (Flyball, 8LD, EV 86.2 MPH)
Top of the 4th over - 3 runs, 2 hits, 0 errors, 1 left on base; Albuquerque 3 - Memphis 9
BOTTOM OF THE 4TH
Memphis Redbirds batting - Pitching for Albuquerque Isotopes : RHP Jose Lopez
Batting: LHB Kyle Schaible 0-0: Called Strike
0-1: Foul Ball, location: 2F
0-2: Strikes out swinging
Batting: RHB Danny Gallo 0-0: Foul Ball, location: 2F
0-1: Foul Ball, location: 2F
0-2: Ground out 4-3 (Groundball, 34, EV 104.4 MPH)
Batting: LHB Ronnie Ashley 0-0: Ball
1-0: Foul Ball, location: 2F
1-1: Ball
2-1: Called Strike
2-2: Strikes out swinging
Bottom of the 4th over - 0 runs, 0 hits, 0 errors, 0 left on base; Albuquerque 3 - Memphis 9
TOP OF THE 5TH
Albuquerque Isotopes batting - Pitching for Memphis Redbirds : LHP John Fisher
Batting: SHB Jamel Wright 0-0: Swinging Strike
0-1: Swinging Strike
0-2: Strikes out swinging
Batting: LHB Pablo Cardona 0-0: Swinging Strike
0-1: Foul Ball, location: 2F
0-2: Strikes out swinging
Batting: RHB Chris King 0-0: Ball
1-0: Foul Ball, location: 2F
1-1: Ball
2-1: Foul Ball, location: 2F
2-2: Foul Ball, location: 2F
2-2: Foul Ball, location: 2F
2-2: Strikes out swinging
Top of the 5th over - 0 runs, 0 hits, 0 errors, 0 left on base; Albuquerque 3 - Memphis 9
BOTTOM OF THE 5TH
Memphis Redbirds batting - Pitching for Albuquerque Isotopes : RHP Jose Lopez
Batting: RHB Josh Martin 0-0: Fly out, F8 (Flyball, 89M, EV 83.1 MPH)
Batting: LHB Adam Eisen 0-0: Called Strike
0-1: Called Strike
0-2: Strikes out looking
Batting: RHB Dave Cluster 0-0: Called Strike
0-1: Ball
1-1: Called Strike
1-2: Ball
2-2: Ground out 5-3 (Groundball, 56, EV 108.8 MPH)
Bottom of the 5th over - 0 runs, 0 hits, 0 errors, 0 left on base; Albuquerque 3 - Memphis 9
TOP OF THE 6TH
Albuquerque Isotopes batting - Pitching for Memphis Redbirds : LHP John Fisher
Batting: LHB Adam Hill 0-0: Ball
1-0: Foul Ball, location: 2F
1-1: Fly out, F9 (Flyball, 9D, EV 105.0 MPH)
Batting: RHB Sadataka Kuwahara 0-0: Called Strike
0-1: Ball
1-1: SINGLE (Line Drive, 78S, EV 95.0 MPH)
Pitching: RHP Jim Bruley
Batting: LHB Alfredo de la Cruz 0-0: Called Strike
Sadataka Kuwahara is caught stealing 2nd base 2-6
0-1: SINGLE (Line Drive, 4M, EV 95.6 MPH)
Batting: RHB Mike Ball 0-0: Ball
1-0: Ball
2-0: Called Strike
2-1: Ball
3-1: Swinging Strike
3-2: Foul Ball, location: 2F
3-2: Base on Balls
Alfredo de la Cruz to second
Batting: LHB Gabe Harvey 0-0: Ball
1-0: Fly out, F8 (Flyball, 8LXD, EV 91.2 MPH)
Top of the 6th over - 0 runs, 2 hits, 0 errors, 2 left on base; Albuquerque 3 - Memphis 9
BOTTOM OF THE 6TH
Memphis Redbirds batting - Pitching for Albuquerque Isotopes : RHP Jose Lopez
Batting: RHB Joe Smack 0-0: Foul Ball, location: 2F
0-1: Ground out 6-3 (Groundball, 6, EV 85.6 MPH)
Batting: SHB Dan Lash 0-0: Called Strike
0-1: Foul Ball, location: 2F
0-2: Strikes out looking
Batting: RHB Jeff Brower 0-0: Foul Ball, location: 2F
0-1: Foul Ball, location: 2F
0-2: Foul Ball, location: 2F
0-2: Ball
1-2: Ball
2-2: Ball
3-2: SINGLE (Groundball, 6MD, EV 103.8 MPH)
Batting: LHB Kyle Schaible 0-0: Ground out 4-3 (Groundball, 4, EV 91.2 MPH)
Bottom of the 6th over - 0 runs, 1 hit, 0 errors, 1 left on base; Albuquerque 3 - Memphis 9
TOP OF THE 7TH
Albuquerque Isotopes batting - Pitching for Memphis Redbirds : RHP Jim Bruley
Batting: SHB Mitchell Greene 0-0: Ball
1-0: Swinging Strike
1-1: Foul Ball, location: 2F
1-2: Foul Ball, location: 2F
1-2: Ball
2-2: Foul Ball, location: 2F
2-2: Ball
3-2: Ground out 6-3 (Groundball, 6, EV 86.9 MPH)
Batting: SHB Jamel Wright 0-0: Foul Ball, location: 2F
0-1: Swinging Strike
0-2: SOLO HOME RUN (Flyball, 89XD, EV 108.1 MPH), Distance : 420 ft
Batting: LHB Pablo Cardona 0-0: Called Strike
0-1: Called Strike
0-2: Strikes out swinging
Batting: RHB Chris King 0-0: Ball
1-0: Swinging Strike
1-1: Swinging Strike
1-2: Ground out 4-3 (Groundball, 4, EV 98.1 MPH)
Top of the 7th over - 1 run, 1 hit, 0 errors, 0 left on base; Albuquerque 4 - Memphis 9
BOTTOM OF THE 7TH
Memphis Redbirds batting - Pitching for Albuquerque Isotopes : RHP Jose Lopez
Pitching: RHP Paulo Guincho
Batting: RHB Danny Gallo 0-0: Ball
1-0: Called Strike
1-1: Foul Ball, location: 2F
1-2: Strikes out looking
Batting: LHB Ronnie Ashley 0-0: Ball
1-0: Fly out, F6 (Line Drive, 6, EV 75.6 MPH)
Batting: RHB Josh Martin 0-0: Ball
1-0: Foul Ball, location: 2F
1-1: SINGLE (Flyball, 8LS, EV 84.4 MPH)
Batting: LHB Adam Eisen 0-0: Called Strike
0-1: Foul Ball, location: 2F
0-2: Ball
1-2: Ball
2-2: Ground out 5-3 (Groundball, 56S, EV 89.4 MPH)
Bottom of the 7th over - 0 runs, 1 hit, 0 errors, 1 left on base; Albuquerque 4 - Memphis 9
TOP OF THE 8TH
Albuquerque Isotopes batting - Pitching for Memphis Redbirds : RHP Jim Bruley
Batting: LHB Adam Hill 0-0: Ball
1-0: Fly out, F6 (Popup, 6M, EV 62.5 MPH)
Batting: RHB Sadataka Kuwahara 0-0: Swinging Strike
0-1: Swinging Strike
0-2: Foul Ball, location: 2F
0-2: Strikes out swinging
Batting: LHB Alfredo de la Cruz 0-0: Ball
1-0: Ball
2-0: Foul Ball, location: 2F
2-1: Called Strike
2-2: SOLO HOME RUN (Flyball, 89XD, EV 101.2 MPH), Distance : 418 ft
Batting: RHB Mike Ball 0-0: Foul Ball, location: 2F
0-1: Ball
1-1: Ball
2-1: Ball
3-1: Foul Ball, location: 2F
3-2: Ground out 6-3 (Groundball, 6, EV 85.6 MPH)
Top of the 8th over - 1 run, 1 hit, 0 errors, 0 left on base; Albuquerque 5 - Memphis 9
BOTTOM OF THE 8TH
Memphis Redbirds batting - Pitching for Albuquerque Isotopes : RHP Paulo Guincho
Batting: RHB Dave Cluster 0-0: Ball
1-0: Ball
2-0: Foul Ball, location: 2F
2-1: Ground out 4-3 (Groundball, 4S, EV 84.4 MPH)
Batting: RHB Joe Smack 0-0: SINGLE (Line Drive, 9LS, EV 111.9 MPH)
Batting: SHB Dan Lash 0-0: Called Strike
Joe Smack steals 2nd base
0-1: Ball
1-1: Called Strike
1-2: Ball
2-2: Foul Ball, location: 2F
2-2: Foul Ball, location: 2F
2-2: Ball
3-2: SINGLE (Line Drive, 34, EV 95.0 MPH)
Joe Smack to third
Runner from 3rd tries for Home, SAFE, throw by RF to home
Batting: RHB Jeff Brower 0-0: Ball
1-0: Ball
2-0: Called Strike
2-1: Called Strike
2-2: SINGLE (Groundball, 56D, EV 94.4 MPH)
Dan Lash to second
Batting: LHB Kyle Schaible 0-0: Swinging Strike
0-1: Ball
1-1: Foul Ball, location: 2F
1-2: Ball
2-2: Foul Ball, location: 2F
2-2: Strikes out looking
Batting: RHB Danny Gallo 0-0: Called Strike
0-1: SINGLE (Groundball, 4, EV 93.8 MPH)
Dan Lash to third
Jeff Brower to second
Runner from 3rd tries for Home, SAFE, throw by RF to home
Batting: LHB Ronnie Ashley 0-0: Called Strike
0-1: Ball
1-1: Ball
2-1: Ball
3-1: Base on Balls
Jeff Brower to third
Danny Gallo to second
Batting: RHB Josh Martin 0-0: Called Strike
0-1: Fly out, F7 (Line Drive, 7S, EV 91.9 MPH)
Bottom of the 8th over - 2 runs, 4 hits, 0 errors, 3 left on base; Albuquerque 5 - Memphis 11
TOP OF THE 9TH
Albuquerque Isotopes batting - Pitching for Memphis Redbirds : RHP Jim Bruley
Batting: LHB Gabe Harvey 0-0: Ball
1-0: DOUBLE (Line Drive, 9LS, EV 109.4 MPH)
Pitching: RHP Phil Feldscher
Batting: SHB Mitchell Greene 0-0: Called Strike
0-1: Called Strike
0-2: Ball
1-2: Foul Ball, location: 2F
1-2: Ground out 5-3 (Groundball, 56, EV 78.1 MPH)
Batting: SHB Jamel Wright 0-0: Called Strike
0-1: Ball
1-1: Ball
2-1: Foul Ball, location: 2F
2-2: Ball
3-2: Fly out, F9 (Flyball, 9, EV 89.4 MPH)
Batting: LHB Pablo Cardona 0-0: Called Strike
0-1: Called Strike
0-2: Foul Ball, location: 2F
0-2: Ball
1-2: Strikes out swinging
Top of the 9th over - 0 runs, 1 hit, 0 errors, 1 left on base; Albuquerque 5 - Memphis 11
Tuesday, March 28th , 2023 - OOTP Baseball 23.10 Build 110